Map: Nightshade LE

Players

kers

  • Race: Protoss Protoss
  • League: Platinum
  • Spawn Location: 5:00

A.I. 1 (Very Easy) - Winner!

  • Race: Protoss Protoss
  • Spawn Location: 11:00

VOD

Have the link to the VOD?

Description

Time

  • Played on: March 6, 2020, 1:52 p.m.
  • Length: 10:39
Show
View Real Time Build Order
Export as new Build Order

kers Protoss 

Build Orders: Archon Immortal 

Get SALT Encoding   

  12  0:00  Probe  
  13  0:13  Probe  
  14  0:17  Pylon  
  14  0:25  Probe  
  15  0:37  Probe (Chrono Boost)  
  15  0:39  Gateway  
  16  0:45  Assimilator  
  16  0:49  Probe (Chrono Boost)  
  18  0:57  Probe (Chrono Boost)  
  18  1:03  Probe  
  19  1:12  Pylon  
  19  1:15  Probe  
  20  1:22  Gateway  
  20  1:27  Probe  
  20  1:32  Cybernetics Core  
  21  1:35  Assimilator  
  21  1:39  Probe  
  22  1:51  Probe  
  23  2:04  Probe  
  23  2:06  Pylon  
  24  2:11  Stalker  
  24  2:12  Sentry  
  24  2:13  Warp Gate  
  28  2:16  Probe (Chrono Boost)  
  29  2:28  Probe (Chrono Boost)  
  30  2:33  Probe (Chrono Boost)  
  31  2:43  Nexus  
  31  2:48  Probe (Chrono Boost)  
  32  2:53  Stalker  
  34  3:00  Probe (Chrono Boost)  
  34  3:05  Pylon  
  35  3:07  Probe (Chrono Boost)  
  35  3:09  Sentry  
  38  3:14  Probe  
  39  3:26  Probe  
  40  3:28  Stalker  
  42  3:38  Probe  
  43  3:45  Pylon  
  43  3:50  Robotics Facility  
  43  3:51  Probe  
  43  3:55  Pylon  
  44  3:56  Probe  
  45  4:03  Probe  
  45  4:07  Stalker  
  45  4:08  Probe  
  49  4:15  Probe  
  50  4:17  Assimilator  
  50  4:20  Probe  
  50  4:21  Assimilator, Stalker  
  53  4:27  Probe  
  54  4:32  Probe  
  55  4:39  Probe  
  55  4:41  Gateway  
  55  4:44  Probe  
  57  4:49  Pylon  
  57  4:51  Probe  
  58  4:54  Pylon  
  58  4:56  Probe  
  58  4:58  Twilight Council  
  59  5:03  Probe  
  59  5:06  Stalker x2  
  64  5:08  Probe  
  64  5:09  Observer  
  66  5:15  Probe  
  66  5:20  Probe, Nexus  
  68  5:25  Pylon  
  68  5:27  Probe  
  69  5:32  Probe  
  69  5:35  Charge (Chrono Boost)  
  70  5:39  Probe  
  71  5:42  Forge  
  71  5:44  Probe  
  71  5:46  Templar Archives  
  72  5:52  Probe  
  72  5:54  Pylon  
  72  5:57  Probe, Pylon  
  74  6:04  Probe, Immortal  
  79  6:09  Probe  
  80  6:13  Assimilator  
  80  6:16  Probe  
  81  6:19  Assimilator  
  81  6:20  Protoss Ground Weapons Level 1 (Chrono Boost)  
  81  6:21  Probe  
  82  6:28  Probe  
  83  6:33  Probe x2  
  83  6:34  Gateway x2  
  83  6:38  Gateway  
  85  6:40  Probe  
  85  6:43  High Templar x3  
  85  6:45  Probe  
  93  6:49  Archon  
  93  6:51  Immortal  
  93  6:52  Probe  
  98  6:56  Probe  
  98  6:57  Probe  
  100  7:04  Probe  
  102  7:08  Probe  
  102  7:12  Probe, Pylon  
  102  7:14  Blink (Chrono Boost)  
  102  7:15  Pylon  
  103  7:16  Probe  
  103  7:18  Gateway  
  103  7:20  Probe, Gateway  
  103  7:21  High Templar x3  
  111  7:24  Probe  
  111  7:27  Archon x2  
  112  7:46  High Templar x3  
  112  7:48  Nexus  
  112  7:50  Pylon  
  118  7:53  Pylon  
  118  7:57  Assimilator  
  118  8:01  Assimilator  
  118  8:05  High Templar x2  
  122  8:08  Archon  
  122  8:09  Archon  
  122  8:10  Immortal (Chrono Boost), Stalker  
  128  8:21  Gateway  
  128  8:22  Gateway  
  128  8:23  Gateway  
  128  8:24  Gateway  
  128  8:26  Protoss Ground Weapons Level 2 (Chrono Boost)  
  128  8:28  Gateway  
  128  8:30  Gateway, High Templar x2  
  132  8:39  Stalker x3  
  132  8:40  Immortal (Chrono Boost), Stalker  
  144  8:42  Archon  
  144  9:08  Stalker x4  
  144  9:09  Stalker  
  154  9:10  Immortal (Chrono Boost)  
  158  9:17  Pylon  
  158  9:18  Pylon  
  158  9:20  Pylon  
  158  9:28  High Templar x3  
  164  9:33  Stalker x2  
  164  9:34  Archon  
  164  9:35  Archon  
  167  9:41  Immortal  
  171  9:46  Stalker x2  
  171  9:47  Stalker x2  
  179  10:02  Shield Battery  
  179  10:05  Photon Cannon  
  179  10:06  Shield Battery  
  179  10:08  Phoenix  
  179  10:09  Photon Cannon  
  179  10:10  Shield Battery  
  179  10:12  Photon Cannon  
  179  10:15  High Templar x4  
  179  10:18  Shield Battery  
  179  10:19  Archon x2  
  179  10:20  Zealot x4  
  179  10:21  Photon Cannon, Zealot x2  
Show
View Real Time Build Order
Export as new Build Order

A.I. 1 (Very Easy) Protoss - Winner!

Build Orders:  

Get SALT Encoding   

  12  0:00  Probe  
  13  0:13  Probe  
  14  0:20  Pylon  
  14  0:37  Assimilator  
  14  0:43  Gateway  
  14  0:48  Pylon  
  14  1:15  Assimilator  
  14  1:24  Probe  
  14  1:25  Zealot  
  14  1:32  Probe  
  15  1:36  Cybernetics Core  
  18  1:42  Probe  
  19  1:54  Probe  
  20  2:02  Warp Gate, Probe  
  21  2:10  Probe  
  22  2:46  Stalker  
  24  7:12  Probe  
  24  7:17  Adept  
  24  7:18  Pylon  
  24  7:20  Probe, Robotics Facility  
  27  7:23  Nexus  
  27  7:29  Probe  
  28  7:37  Probe  
  30  7:45  Probe  
  30  7:46  Pylon  
  29  8:03  Observer  
  28  8:17  Zealot  
  28  8:19  Observer  
  31  8:36  Probe  
  32  8:41  Probe  
  32  8:45  Assimilator  
  32  8:48  Assimilator  
  33  8:51  Probe  
  33  8:54  Probe  
  35  9:05  Probe  
  36  9:12  Probe  
  37  9:17  Stalker  
  37  9:19  Probe  
  40  9:24  Probe  
  40  9:31  Probe  
  40  9:37  Probe  
  41  9:44  Probe  
  43  9:55  Probe  
  44  10:02  Probe  
  45  10:10  Probe  
  46  10:17  Probe  
  47  10:24  Probe  
Tags
 
Composition
Archon Immortal
League
Platinum
Matchup
PvP
Spawn Locations
Cross Positions
Add a new tag
Caveats
  • Supply blocks, unpowered buildings, or Contaminate may cause inaccurate times.
  • Supply counts are checked every 10 seconds.